Cogmind - Beta 10.1 @@@ ROGUE MODE // 2020.10.02 @ 20:10:47 Player: Tone Result: Destroyed by 8R-AWN with 8R-AWN's Boregun Performance ------------- Evolutions (1) 500 Regions Visited (5) 1000 Robots Destroyed (61) 305 Value Destroyed (934) 934 Prototype IDs (24) 480 Alien Tech Used (0) 0 Bonus (255) 255 TOTAL SCORE: 3474 Bonus ------- Follower Combat Kills 99 Aligned with FarCom 300 Friendly Fire -144 Cogmind --------- Core Integrity 0/400 Matter 337/500 Energy 93/100 System Corruption 3% Temperature Cool (0) Movement Treading (160) Location -9/Exiles Parts ------- > --- POWER (1) -------- (None) > --- PROPULSION (2) --- Light Treads Light Treads > --- UTILITY (4) ------ High-capacity Storage Unit High-capacity Matter Pod Salvage Targeting Computer Armor Integrity Analyzer > --- WEAPON (2) ------- Light Assault Rifle Autogun > --- INVENTORY (12) --- Light Treads Light Treads Light Treads Light Assault Rifle Peak State ------------ > --- POWER ------------ Improved Ion Engine > --- PROPULSION ------- Light Treads Light Treads > --- UTILITY ---------- High-capacity Storage Unit Salvage Targeting Computer Armor Integrity Analyzer Light Armor Plating > --- WEAPON ----------- Shotgun Improved Assault Rifle > --- INVENTORY -------- Nuclear Core Reinforced Deuterium Engine Light Fission Core Light Treads Light Treads Light Treads Light Armor Plating Assault Rifle Assault Rifle Light Assault Rifle Autogun Improved Assault Rifle [Rating: 17] Favorites ----------- Power Improved Ion Engine Engine Improved Ion Engine Propulsion Light Treads Treads Light Treads Leg Aluminum Leg Wheel Compact Wheel Utility Large Storage Unit Storage Large Storage Unit Processor Salvage Targeting Computer Protection Light Armor Plating Weapon Assault Rifle Energy Gun EM Pulse Gun Ballistic Gun Assault Rifle Launcher EMP Blaster Build | -11 -10 -10 -9 -9 -9 ------- Run | Scr Mat Min Mat Min Exi Slots Evolved 2 | . . . 2 . . Power . | . . . . . . Propulsion . | . . . . . . Utility 2 | . . . 2 . . Weapon . | . . . . . . Parts Attached 95 | 3 31 8 31 4 18 Power 7 | . 5 1 1 . . Engine 7 | . 5 1 1 . . Core . | . . . . . . Reactor . | . . . . . . Propulsion 40 | 2 15 6 13 . 4 Treads 27 | 1 11 3 8 . 4 Leg . | . . . . . . Wheel 13 | 1 4 3 5 . . Hover . | . . . . . . Flight . | . . . . . . Utility 15 | 1 2 . 4 1 7 Device . | . . . . . . Storage 9 | 1 2 . 1 1 4 Processor 2 | . . . . . 2 Hackware . | . . . . . . Protection 4 | . . . 3 . 1 Artifact . | . . . . . . Weapon 33 | . 9 1 13 3 7 Energy Gun 8 | . 4 . 4 . . Energy Cannon . | . . . . . . Ballistic Gun 22 | . 5 1 7 2 7 Ballistic Cannon . | . . . . . . Launcher 3 | . . . 2 1 . Special Weapon . | . . . . . . Impact Weapon . | . . . . . . Slashing Weapon . | . . . . . . Piercing Weapon . | . . . . . . Special Melee Weapon . | . . . . . . Unidentified Prototypes 1 | . . . 1 . . Parts Lost 23 | . 2 2 7 . 12 Power 3 | . 1 . 1 . 1 Propulsion 7 | . 1 1 2 . 3 Utility 3 | . . . 1 . 2 Weapon 10 | . . 1 3 . 6 Highest Loss Streak 8 | . 2 2 5 . 8 Average Slot Usage (%) 97 | . 98 100 91 100 98 Engine 11 | . 12 14 9 11 10 Treads 15 | . 18 16 16 11 14 Wheel 8 | . 9 11 5 11 6 Storage 28 | . 28 28 31 33 25 Processor 2 | . . . . . 7 Protection 7 | . . . 6 11 10 Energy Gun 2 | . 7 . 6 . . Ballistic Gun 21 | . 20 28 15 22 21 Naked Turns . | . . . . . . Heaviest Build 111 | 16 41 39 54 63 111 Greatest Support 40 | 10 40 40 40 16 40 Greatest Overweight (x) 6 | 1 4 3 4 3 6 Average Overweight (x) 3 | 1 1 2 2 3 4 Largest Inventory Capacity 28 | 8 16 16 20 22 28 Average Capacity 18 | 6 11 16 19 20 21 Most Carried 28 | 6 14 16 20 22 28 Average Carried 17 | 6 9 14 17 20 20 Final Capacity 22 | 8 16 16 20 22 12 Final Carried 22 | 6 13 16 20 22 4 Class Distribution -------------------- 57% | Hauler-Mutant 31% | Mutant 10% | Scavenger-Mutant Dominant Class ---------------- Mutant | -10/Materials Mutant | -10/Mines Hauler-Mutant | -9/Materials Hauler-Mutant | -9/Mines Hauler-Mutant | -9/Exiles Resources | -11 -10 -10 -9 -9 -9 ----------- Run | Scr Mat Min Mat Min Exi Matter Collected 2120 | 235 605 80 800 112 288 Remotely . | . . . . . . Salvage Created 1851 | 83 748 36 883 42 59 Parts 133 | 1 50 3 67 10 2 Haulers Intercepted 3 | . 1 . 2 . . Recyclers Shooed 11 | . 3 . 8 . . Parts Field Recycled . | . . . . . . Retrieved Matter . | . . . . . . Parts Self-Destructed . | . . . . . . Prevented . | . . . . . . Kills | -11 -10 -10 -9 -9 -9 ------- Run | Scr Mat Min Mat Min Exi Combat Hostiles Destroyed 41 | . 10 3 20 6 2 Guns 33 | . 10 3 17 2 1 AOE 8 | . . . 3 4 1 Classes Destroyed 10 | 1 7 . 1 . 1 Worker 1 | . 1 . . . . Builder 2 | . 1 . 1 . . Hauler 3 | . 1 . 2 . . Recycler 7 | 1 3 . 3 . . Operator 3 | . 2 . 1 . . Watcher 3 | . 2 . 1 . . Swarmer 25 | . 3 3 13 6 . Grunt 12 | . 7 . 4 . 1 Sentry 3 | . . . 3 . . Assembled 2 | . . . . . 2 Best Kill Streak 11 | 1 4 2 11 4 2 Combat Bots Only 9 | . 3 2 9 4 2 Max Kills in Single Turn 3 | 1 2 1 3 3 1 Gunslinging 1 | . 1 . . . . Exploded 3 | . . . 1 3 1 Melee . | . . . . . . Uniques/NPCs Destroyed . | . . . . . . Combat | -11 -10 -10 -9 -9 -9 -------- Run | Scr Mat Min Mat Min Exi Damage Taken 3187 | . 510 152 745 47 1733 Core 553 | . 119 26 44 7 357 Absorbed by Shields . | . . . . . . Core Remaining (%) 71 | 100 . 42 . . . Volleys Fired 192 | 5 64 12 82 9 20 Largest 2 | 2 2 2 2 2 2 Hottest 80 | 60 80 40 80 40 46 Shots Fired 363 | 10 121 24 153 16 39 Gun 358 | 10 121 24 150 14 39 Cannon . | . . . . . . Launcher 5 | . . . 3 2 . Special . | . . . . . . Kinetic 283 | 5 89 24 112 14 39 Thermal . | . . . . . . Explosive 2 | . . . . 2 . Electromagnetic 78 | 5 32 . 41 . . Robot Hit Streak 22 | 2 13 4 13 5 22 Robot Miss Streak 3 | 3 3 3 3 3 2 Penetration Max . | . . . . . . Secondary Targets 2 | . 2 . . . . Max Gunslinging Chain 1 | . 1 . . . . Shots Hit Robots 238 | 5 83 13 96 10 31 Core Hits 101 | 2 35 3 40 10 11 Critical Hits 3 | . . . 2 . 1 Critical Kills 1 | . . . 1 . . Critical Parts Destroyed 1 | . . . 1 . . Melee Attacks . | . . . . . . Impact . | . . . . . . Slashing . | . . . . . . Piercing . | . . . . . . Sneak Attacks . | . . . . . . Combat Hostiles . | . . . . . . Follow-up Attacks . | . . . . . . Damage Inflicted 3315 | 69 1043 119 1291 403 390 Guns 2757 | 69 998 119 1045 136 390 Cannons . | . . . . . . Explosions 553 | . 40 . 246 267 . Melee . | . . . . . . Ramming 5 | . 5 . . . . Kinetic 2087 | 24 720 119 698 136 390 Thermal 133 | . 40 . 93 . . Explosive 267 | . . . . 267 . Electromagnetic 823 | 45 278 . 500 . . Impact . | . . . . . . Slashing . | . . . . . . Piercing . | . . . . . . Highest Corruption 3 | . . . 3 3 3 Average Corruption 3 | . . . 3 3 3 Corruption Purged . | . . . . . . Effects 60 | . . . 12 18 30 Message Errors 22 | . . . 3 11 8 Matter Fused 12 | . . . 1 2 9 Heat Flow Errors 6 | . . . 1 2 3 Energy Discharges 11 | . . . 4 1 6 Data Loss (minor) 6 | . . . 1 1 4 Targeting Errors 3 | . . . 2 1 . Overload Shots . | . . . . . . Overflow Damage 9 | . . . 9 . . Projectiles . | . . . . . . Explosions 9 | . . . 9 . . Melee . | . . . . . . Knockbacks . | . . . . . . Impact . | . . . . . . Kinetic . | . . . . . . Secondary . | . . . . . . Self-Inflicted Damage 17 | . 17 . . . . Shots 1 | . 1 . . . . Rammed 1 | . 1 . . . . Targets Rammed 1 | . 1 . . . . Kicked . | . . . . . . Crushed . | . . . . . . Highest Temperature 224 | 20 126 . 114 224 204 Average Temperature 56 | 15 49 . 43 118 83 Received Heat Transfer 498 | . 270 . 228 . . Siege Activations . | . . . . . . Robots Corrupted . | . . . . . . Combat Hostiles . | . . . . . . Parts Fried 3 | . 3 . . . . Impact Corruptions . | . . . . . . Robots Melted . | . . . . . . Combat Hostiles . | . . . . . . Parts Melted 1 | . 1 . . . . Heat Transferred 250 | . 50 . 200 . . Parts Sabotaged . | . . . . . . Parts Stolen . | . . . . . . Parts Stripped . | . . . . . . Power Chain Reactions 4 | . 1 . 3 . . Missiles Intercepted . | . . . . . . Alert | -11 -10 -10 -9 -9 -9 ------- Run | Scr Mat Min Mat Min Exi Peak Influence 419 | 5 222 136 419 209 . Initial 104 | . 3 86 . 104 . Average 141 | 1 72 93 244 130 . Maximum Alert Level 2 | . 1 . 2 1 . Low Security (%) 67 | 100 98 100 31 57 . Level 1 32 | . 1 . 67 42 . Level 2 . | . . . 1 . . Level 3 . | . . . . . . Level 4 . | . . . . . . Level 5 . | . . . . . . High Security . | . . . . . . Max Security . | . . . . . . Squads Dispatched 6 | . 2 . 4 . . Investigation 3 | . 1 . 2 . . Extermination . | . . . . . . Reinforcement 3 | . 1 . 2 . . Assault . | . . . . . . Garrison . | . . . . . . Intercept . | . . . . . . Construction Impeded . | . . . . . . Haulers Reinforced . | . . . . . . Stealth | -11 -10 -10 -9 -9 -9 --------- Run | Scr Mat Min Mat Min Exi Distress Signals 1 | . . . 1 . . Communications Jammed . | . . . . . . Distress Signals . | . . . . . . Times Spotted 82 | . 22 6 32 13 9 Peak Tracking Total 10 | . 5 3 6 4 10 Tactical Retreats 11 | . 1 1 5 2 2 Traps | -11 -10 -10 -9 -9 -9 ------- Run | Scr Mat Min Mat Min Exi Traps Triggered 6 | . 6 . . . . Indirectly . | . . . . . . Trap Hack Attempts . | . . . . . . Triggered . | . . . . . . Disarmed . | . . . . . . Reprogrammed . | . . . . . . Reused . | . . . . . . Traps Extracted . | . . . . . . Installed . | . . . . . . Triggered 1 | . . . . 1 . Exploded 3 | . . . . . 3 Machines | -11 -10 -10 -9 -9 -9 ---------- Run | Scr Mat Min Mat Min Exi Machines Disabled 4 | . 1 . 1 1 1 Max in Single Turn 1 | . 1 . 1 1 1 Machines Sabotaged . | . . . . . . Garrisons Compromised . | . . . . . . Overloaded Fab Kills . | . . . . . . Fab Network Shutdowns . | . . . . . . Hacking | -11 -10 -10 -9 -9 -9 --------- Run | Scr Mat Min Mat Min Exi Machines Accessed 9 | . 4 . 4 . 1 Terminals 6 | . 3 . 3 . . Fabricators . | . . . . . . Repair Stations . | . . . . . . Recycling Units 2 | . 1 . 1 . . Scanalyzers . | . . . . . . Garrison Access . | . . . . . . Total Hacks 23 | . 8 . 14 . 1 Successful 15 | . 5 . 9 . 1 Failed 8 | . 3 . 5 . . Catastrophic 1 | . . . 1 . . Database Lockouts . | . . . . . . Manual 19 | . 8 . 10 . 1 Terminals 19 | . 7 . 12 . . Fabricators . | . . . . . . Repair Stations . | . . . . . . Recycling Units 3 | . 1 . 2 . . Scanalyzers . | . . . . . . Garrison Access . | . . . . . . Terminal Hacks 5 | . 1 . 3 . 1 Robot Analysis 1 | . . . 1 . . Branch Access Points 1 | . 1 . . . . Terminal Index 1 | . . . 1 . . Hauler Manifests 1 | . . . 1 . . EX-Prototype ID Bank 1 | . . . . . 1 Fabricator Hacks . | . . . . . . Repair Station Hacks . | . . . . . . Recycling Unit Hacks 1 | . . . 1 . . Retrieve Components 1 | . . . 1 . . Scanalyzer . | . . . . . . Garrison Access Hacks . | . . . . . . Unauthorized Hacks 9 | . 4 . 5 . . Terminals 7 | . 3 . 4 . . Track 4 | . 2 . 2 . . Botnet 3 | . 1 . 2 . . Fabricators . | . . . . . . Repair Stations . | . . . . . . Recycling Units 2 | . 1 . 1 . . Tunnel 2 | . 1 . 1 . . Scanalyzers . | . . . . . . Garrison Access . | . . . . . . Data Cores Recovered . | . . . . . . Used . | . . . . . . Hacking Detections 6 | . 3 . 3 . . Full Trace Events 1 | . . . 1 . . Feedback Events . | . . . . . . Feedback Blocked . | . . . . . . Robot Schematics Acquired . | . . . . . . Robots Built . | . . . . . . Matter . | . . . . . . Time . | . . . . . . Total Robot Build Rating . | . . . . . . Part Schematics Acquired . | . . . . . . Parts Built . | . . . . . . Matter . | . . . . . . Time . | . . . . . . Total Part Build Rating . | . . . . . . Parts Repaired . | . . . . . . Time . | . . . . . . Parts Recycled . | . . . . . . Recycled Matter . | . . . . . . Retrieved Matter . | . . . . . . Retrieved Components 10 | . . . 10 . . Parts Scanalyzed . | . . . . . . Part Schematics Acquired . | . . . . . . Parts Damaged . | . . . . . . Bothacking | -11 -10 -10 -9 -9 -9 ------------ Run | Scr Mat Min Mat Min Exi Used RIF Installer . | . . . . . . Robots Hacked . | . . . . . . Non-combat . | . . . . . . Combat . | . . . . . . Robot Hacks Applied . | . . . . . . Relay Couplers Released . | . . . . . . Robots Rewired . | . . . . . . Allies Hacked . | . . . . . . Hacks Repelled . | . . . . . . Allies | -11 -10 -10 -9 -9 -9 -------- Run | Scr Mat Min Mat Min Exi Total Allies 3 | . . . . 3 . Largest Group 3 | . . . . 3 1 Highest-Rated Group 40 | . . . . 40 16 Highest-Rated Ally 16 | . . . . 16 16 Total Orders . | . . . . . . Ally Attacks 24 | . . . . 24 . Total Damage 227 | . . . . 227 . Kills 5 | . . . . 5 . Allies Corrupted . | . . . . . . Allies Melted . | . . . . . . Intel | -11 -10 -10 -9 -9 -9 ------- Run | Scr Mat Min Mat Min Exi Robot Analysis Total 1 | . . . 1 . . Derelict Logs Recovered 2 | . . 1 . 1 . Drone Launches . | . . . . . . Drone Recoveries . | . . . . . . Exploration | -11 -10 -10 -9 -9 -9 ------------- Run | Scr Mat Min Mat Min Exi Turns Passed 4662 | 24 688 537 842 929 1642 Spaces Moved 2691 | 7 373 361 350 656 944 Core . | . . . . . . Treads 433 | . 47 28 87 . 271 Legs . | . . . . . . Wheels 2258 | 7 326 333 263 656 673 Hover . | . . . . . . Flight . | . . . . . . Fastest Speed 90 | 90 90 110 110 130 130 Average Speed 136 | 90 109 113 134 130 161 Slowest Speed 200 | 90 180 160 180 130 200 Overloaded Moves . | . . . . . . Propulsion Burnouts . | . . . . . . Robots Hopped . | . . . . . . Cave-ins Triggered . | . . . . . . Exploration Rate (%) 53 | 2 54 63 29 99 71 Regions Visited 5 Branch Regions 3 Pre-discovered Areas 3 | . 1 . 1 1 . Known Exits Taken 1 | . 1 . . . . Unknown Exits Taken 4 | 1 . 1 1 1 . Scrap Searched 3 | . . 2 . 1 . Spaces Dug 22 | . . . . 22 . Terrain Destroyed 30 | . 3 . 5 22 . Melee . | . . . . . . Projectile . | . . . . . . AOE 30 | . 3 . 5 22 . Terrain Rammed . | . . . . . . Walls Destroyed . | . . . . . . Machines Disabled . | . . . . . . Actions | -11 -10 -10 -9 -9 -9 --------- Run | Scr Mat Min Mat Min Exi Total 3327 | 14 526 461 565 718 1043 Wait 224 | . 35 75 74 38 2 Move 2686 | 6 372 360 349 655 944 Hop . | . . . . . . Pick Up 76 | . 15 5 18 6 32 Fast Attach 18 | 1 10 . 5 1 1 Attach 27 | . 4 2 8 . 13 Detach 1 | . . . 1 . . Swap 50 | 2 17 6 18 3 4 Drop 52 | . 8 1 10 6 27 Fire 192 | 5 64 12 82 9 20 Melee . | . . . . . . Ram . | . . . . . . Kick . | . . . . . . Crush 1 | . 1 . . . . Escape Stasis . | . . . . . . Rewire . | . . . . . . Trap . | . . . . . . Miscellaneous . | . . . . . . Route ------- -11/Scrapyard -10/Materials (discovered 2 exits: *Mat / *Min) -10/Mines -9/Materials -9/Mines (discovered 3 exits: [*Mat x2] / *Exi) -9/Exiles (discovered 2 exits: [*Min x2]) History --------- Turn | Location | Event 19 | -11/Scrapyard | Discovered new exit (range 3) 25 | -11/Scrapyard | Entered Materials 311 | -10/Materials | Build established: Mutant 328 | -10/Materials | Discovered new exit (range 6) 367 | -10/Materials | Identified exit to Mines 713 | -10/Materials | Entered Mines 808 | -10/Mines | Core integrity fell below 50% 871 | -10/Mines | Found a hidden stash of uninstalled traps 925 | -10/Mines | Learned Materials emergency access door positions 941 | -10/Mines | Discovered new exit (range 8) 1086 | -10/Mines | Assembled infested the area 1250 | -10/Mines | Entered Materials 1250 | -9/Materials | Evolved 2 slots: Utility x2 1337 | -9/Materials | Destroyed 7 combat bots 1710 | -9/Materials | Build established: Hauler-Mutant 1723 | -9/Materials | Discovered new exit (range 12) 1906 | -9/Materials | Destroyed 9 combat bots 1913 | -9/Materials | Lost 5 parts (1p1n1u2w) 2092 | -9/Materials | Entered Mines 2114 | -9/Mines | Discovered new exit (range 8) 2126 | -9/Mines | Met a Derelict bent on vengeance 2185 | -9/Mines | Assisted by bots powering up and referring to "LRC-V3" 2798 | -9/Mines | Learned location of Zion (-7) 2949 | -9/Mines | Deemed a non-threat by the Exiles lab entrance 2949 | -9/Mines | Discovered new exit (range 5) 2975 | -9/Mines | Discovered new exit (range 9) 3021 | -9/Mines | Entered Exiles 3021 | -9/Exiles | Accompanied by 1 ally 3042 | -9/Exiles | Discovered new exit (range 15) 3057 | -9/Exiles | Met 8R-AWN 3075 | -9/Exiles | Met EX-HEX 3124 | -9/Exiles | Met EX-DEC 3492 | -9/Exiles | Met EX-BIN 3510 | -9/Exiles | Aligned with FarCom system 3512 | -9/Exiles | Given EX-Vault access code 3548 | -9/Exiles | Opened EX-Vault 3560 | -9/Exiles | Found Latent Energy Streamer 3593 | -9/Exiles | Warned to stay clear of 0b10 Research branches 3697 | -9/Exiles | Discovered new exit (range 10) 4361 | -9/Exiles | Build established: Scavenger-Mutant 4531 | -9/Exiles | Attacked by the Exiles 4597 | -9/Exiles | Core integrity fell below 50% 4621 | -9/Exiles | Lost 8 parts (1p2n2u3w) 4642 | -9/Exiles | Core integrity fell below 20% 4663 | -9/Exiles | Destroyed by 8R-AWN with 8R-AWN's Boregun Last Messages --------------- 04650_ Penetrated by HV Slug. 04650_ HV Slug penetrates Earth. 04650_ Penetrated by HV Slug. 04650_ HV Slug penetrates Earth. 04652_ Penetrated by HV Slug. 04652_ HV Slug penetrates Earth. 04652_ Penetrated by HV Slug. 04652_ HV Slug penetrates Earth. 04654_ Penetrated by HV Slug. 04654_ HV Slug penetrates Earth. 04654_ Penetrated by HV Slug. 04657_ HV Slug penetrates Machine. 04657_ Machine disabled. 04657_ HV Slug penetrates Wall. 04659_ Penetrated by HV Slug. 04659_ Lgt. Assault Rifle destroyed. 04661_ Penetrated by HV Slug. 04661_ HV Slug penetrates Machine. 04661_ HV Slug penetrates Wall. 04663_ Penetrated by HV Slug. Map ----- +----------------------------------------------------+ | ?????????????????????????????????????????????????? | | ?????????????????????????????????????????????????? | | ?????????#####???????????????????????????????????? | | ????????## ##??????????????????????????????????? | | ????????# #??????????????????????????????????? | | ????????# < #??????????????????????????????????? | | ????????# !] ###????????????????????????????????? | | ????????# ! #????????????????????????????????? | | ????????# [] ##????????????????????????????????? | | ????????## ! #?????????????????????????????????? | | ?????????# *!] ##????????????????????????????????? | | ?????????##[!! #????????????#######?????????????? | | ??????????# #######??????# "#?????????????? | | ??????????#= !] #""##?????# "#?????????????? | | ??????????## #?????# "#?????????????? | | ???????????##" ##???## ""#????????????## | | ???????????#"" #####" ""#???????????? | | ???????????#### ## ""#????????????" | | ??????????????## #" ###????????????" | | ???????????????#"## ###???????????"" | | ???????????????####### ""#???????????"" | | ?????????????????????### "##?????????? | | ???????????????########" %""#???????????" | | ???????????????# ! """"" %%%% ##??????????# | | ???????????????#! g"###" """###???### | | ???????????????#! @ #?##" ""#####X# | | ???????????????#! ##??#" | | ???????????????# !""""" #;#???#"# | | ???????????????########;# #???#### | | ??????????????????????#?# #??????### | | ????????????????????????# #????????### | | ????????????????????????# #??????????## % | | ????????????????????????# ???????????#" | | ????????????????????????# #????????????##" | | ????????????????????????? ??????????????#"" | | ????????????????????????? ?????????????##" | | ????????????????????????? ?????????????#"" | | ????????????????????????? ????????????##""" | | ????????????????????????? ????????????#""" | | ????????????????????????? ????????????#""" | | ????????????????????????? ????????????#"" | | ??????????????????????????????????????#""" | | ??????????????????????????????????????#"" | | ??????????????????????????????????????##"" | | ???????????????????????????????????????#"""" | | ???????????????????????????????????????## | | ????????????????????????????????????????#" | | ????????????????????????????????????????#"""" | | ????????????????????????????????????????#"" | | ?????????????????????????????????????????" | +----------------------------------------------------+ Best States ------------- Heat Dissipation 28 Energy Generation 12 Energy Capacity 265 Matter Stores 439 Matter Capacity 500 Sight Range 16 Terrain Scan Density 10 Armor Coverage 150 Evasion (%) 42 Armor Integrity Analysis 33 Recoil Reduction 2 Salvage Targeting 1 Item Schematics ----------------- None Robot Schematics ------------------ None Fabricated ------------ Nothing Alien Tech Used ----------------- None Achievements -------------- None Challenges ------------ None Game ------ Seed MiningMinesnifferWarhead Manual? 0 Play Time 00:54:48 Cumulative 395.5 hours Start 2020.10.02 @ 19:07:41 End 2020.10.02 @ 20:10:47 Sessions 1 Manual Loads 0 Difficulty Rogue Special Mode None Game No. 55 Rogue 55 Adventurer 0 Explorer 0 Win Type - Total 20 Types 10/4/1/0/2/0/3/0/0 Lore% 87 Gallery% 93 Achievement% 79 Wizard Run 0 Options --------- ASCII 0 Keyboard 0 Movement Numpad Keybinds 0 Fullscreen 2 Font 18/Terminus Map View 76x50 Tactical HUD 1 Map Filters NONE Filters NONE Steam 1 RUN: 54d51332-c4b2-47dd-99e5-5f541cea632d